 Dungeon Crawl Stone Soup version 0.28-a0-845-gfc338a8e3c (console) character file.

Game seed: 4454369719864575798

12165 petzl the Covert (level 11, -3/112 HPs)
             Began as an Octopode Arcane Marksman on Nov 12, 2021.
             Was a Believer of Vehumet.
             Slain by an enormous slime creature (67 damage)
             ... on level 12 of the Dungeon on Nov 13, 2021.
             The game lasted 02:05:42 (19400 turns).

petzl the Covert (Octopode Arcane Marksman)        Turns: 19400, Time: 02:05:43

Health: -3/112     AC: 12    Str: 20    XL:     11   Next: 89%
Magic:  0/22       EV: 18    Int: 18    God:    Vehumet [**....]
Gold:   233        SH:  0    Dex: 13    Spells: 9/25 levels left

rFire   . . .      SeeInvis .   c - +7 quarterstaff {protect, rElec Will- Str+4}
rCold   . . .      Faith    .   (shield currently unavailable)
rNeg    + . .      Spirit   +   (helmet restricted)
rPois   +          Reflect  .   e - amulet of guardian spirit
rElec   +          Harm     .   f - ring of resist corrosion
rCorr   +          Rampage  .   l - ring of wizardry
Will    .....      Rage     1%  m - +6 ring of strength
Stlth   ..........              y - +4 ring of evasion
HPRegen 0.28/turn               D - ring of positive energy
MPRegen 0.18/turn               O - +4 ring of protection
                                (no ring)
                                (no ring)

@: berserking, under a protective aura, very slightly contaminated, very quick
A: almost no armour, amphibious, 8 rings, camouflage 1, gelatinous body 1,
(nimble swimmer 1), tentacles, berserk 1, poison resistance, electricity
resistance
a: Renounce Religion


You were on level 12 of the Dungeon.
You worshipped Vehumet.
Vehumet was pleased with you.
You visited 3 branches of the dungeon, and saw 14 of its levels.
You also visited: Bailey.

You collected 657 gold pieces.
You spent 424 gold pieces at shops.

Inventory:

Hand Weapons
 a - a +0 hand crossbow
 b - a +0 dagger of venom {!f =f}
 c - the +7 quarterstaff of Bagost (weapon) {protect, rElec Will- Str+4}
   (You found it on level 7 of the Dungeon)

   It grants its wielder temporary protection when it strikes (+7 to AC).
   Str:       It affects your strength (+4).
   rElec:     It insulates you from electricity.
   Will:      It decreases your willpower.
 s - a +3 flail of holy wrath
 x - a +0 trident
Missiles
 o - 3 boomerangs
 A - 3 boomerangs of dispersal
 J - 145 bolts
 K - 24 poisoned darts (quivered)
 M - 3 javelins
Armour
 w - a +0 kite shield
 I - a +0 tower shield
 N - a +0 kite shield
 U - the +0 tower shield "Zyotuid" {rF+ Str+4}
   (You found it on level 9 of the Dungeon)

   Str:       It affects your strength (+4).
   rF:        It protects you from fire.
Magical Staves
 F - a staff of conjuration
 T - a staff of poison
Jewellery
 e - an amulet of guardian spirit (around mantle)
 f - a ring of resist corrosion (left tentacle)
 l - a ring of wizardry (right tentacle)
 m - a +6 ring of strength (on tentacle)
 y - a +4 ring of evasion (on tentacle)
 D - a ring of positive energy (on tentacle)
 O - a +4 ring of protection (on tentacle)
Wands
 C - a wand of flame (44)
 P - a wand of iceblast (11)
 Q - a wand of mindburst (4)
 V - a wand of polymorph (13)
 X - a wand of paralysis (7)
Scrolls
 g - 2 scrolls of magic mapping
 h - 3 scrolls of amnesia
 j - 4 scrolls of holy word
 t - 2 scrolls of enchant armour
 u - a scroll of immolation
 v - 2 scrolls of teleportation
 z - a scroll of blinking
 B - 4 scrolls of enchant weapon
 E - 2 scrolls of fear
 W - a scroll of vulnerability
 Z - 3 scrolls of identify
Potions
 d - 2 potions of mutation
 i - a potion of berserk rage {unknown}
 k - a potion of magic
 n - a potion of attraction {unknown}
 p - a potion of ambrosia {unknown}
 q - 2 potions of heal wounds {unknown}
 r - a potion of flight {unknown}
 G - 2 potions of cancellation {unknown}
 H - 4 potions of curing
 L - 2 potions of resistance
 R - 4 potions of might
 S - 2 potions of lignification {unknown}
Miscellaneous
 Y - a condenser vane


   Skills:
 - Level 7.5 Fighting
 - Level 2.0 Staves
 - Level 3.5 Crossbows
 - Level 3.5 Dodging
 - Level 10.0 Stealth
 - Level 4.0 Shields
 + Level 7.6 Spellcasting
 + Level 6.5 Conjurations
 - Level 3.0 Hexes
 - Level 5.3 Summonings
 - Level 2.0 Translocations
 + Level 2.6 Transmutations
 * Level 2.6 Ice Magic
 + Level 4.0 Air Magic
 - Level 3.0 Poison Magic
 - Level 3.4 Evocations


You had 9 spell levels left.
You knew the following spells:

 Your Spells              Type           Power      Damage    Failure   Level
a - Slow                  Hex            68%        N/A       1%          1
b - Call Canine Familiar  Summ           26%        N/A       1%          3
c - Apportation           Tloc           28%        N/A       1%          1
l - Freezing Cloud        Conj/Ice/Air   11%        6-21      19%         5
m - Mephitic Cloud        Conj/Pois/Air  23%        N/A       1%          3
I - Ignite Poison         Fire/Tmut/Pois 13%        N/A       6%          3

Your spell library contained the following spells:

 Spells                   Type           Power      Damage    Failure   Level
 Magic Dart               Conj           100%       1d8       1%          1
 Summon Small Mammal      Summ           100%       N/A       1%          1
 Summon Guardian Golem    Hex/Summ       21%        N/A       2%          3
 Tukima's Dance           Hex            17%        N/A       3%          3
 Animate Skeleton         Necr           12%        N/A       4%          1
 Portal Projectile        Hex/Tloc       30%        N/A       4%          3
 Inner Flame              Hex/Fire       12%        N/A       7%          3
 Cause Fear               Hex            8%         N/A       12%         4
 Passage of Golubria      Tloc           14%        N/A       17%         4
 Yara's Violent Unravell  Hex/Tmut       8%         3d5       32%         5


Dungeon Overview and Level Annotations

Branches:
Dungeon (12/15)            Temple (1/1) D:4            Lair (1/6) D:9
    Orc (0/2) D:12         Bailey (visited)

Altars:
Ashenzari
Cheibriados
Elyvilon
Hepliaklqana
Kikubaaqudgha
Makhleb
Nemelex Xobeh
Okawaru
Qazlal
Ru
Sif Muna
Uskayaw
Vehumet
Xom
Yredelemnul
Zin

Shops:
D:1 :[!   D:2 ?   D:4 :

Annotations:
D:5 exclusion: 2 downstairs
D:6 exclusions: boulder beetle and lemure, Pikel
D:8 exclusion: downstairs
D:9 exclusion: 2 downstairs
D:11 2 transporters, Daunt's ghost, journeyman HuAM; Snorg


Innate Abilities, Weirdness & Mutations

You cannot wear most types of armour.
You are amphibious.
You can wear up to eight rings at the same time.
Your skin changes colour to match your surroundings (Stealth+).
Your rubbery body absorbs attacks. (AC +1, EV +1)
((You are camouflaged near water. (Stealth+)))
You have tentacles for arms and can constrict up to eight enemies at once.
You tend to lose your temper in combat.
Your system is resistant to poisons. (rPois)
You are resistant to electric shocks. (rElec)


Message History

Two slime creatures merge to form a large slime creature.
Unknown command.
You hit the large slime creature.
Your weapon exudes an aura of protection.
The large slime creature is heavily wounded.
The slime creature is engulfed in freezing vapours.
The large slime creature is engulfed in freezing vapours.
A large slime creature splits.
You sock the slime creature! You squeeze the slime creature.
The slime creature is severely wounded.
The large slime creature is engulfed in freezing vapours.
Two slime creatures merge to form a large slime creature.
The slime creature hits you.
The large slime creature is engulfed in freezing vapours.
A large slime creature splits.
A red film seems to cover your vision as you go berserk!
You feel yourself moving faster!
You feel mighty!
You thump the large slime creature! You squeeze the large slime creature.
The large slime creature is severely wounded.
The slime creature closely misses you.
The slime creature is engulfed in freezing vapours.
Two slime creatures merge to form a very large slime creature.
The slime creature is engulfed in freezing vapours.
Two slime creatures merge to form an enormous slime creature.
Unknown command.
Unknown command.
Unknown command.
Unknown command.
Unknown command.
You thump the slime creature!
The slime creature is severely wounded.
The slime creature closely misses you.
The enormous slime creature is engulfed in freezing vapours.
The enormous slime creature hits you!!!
You thump the slime creature! You squeeze the slime creature!
The slime creature is almost dead.
The enormous slime creature is engulfed in freezing vapours.
The enormous slime creature hits you!!!
Ouch! That really hurt!
You die...

##............#..# ###.
#...........##..# ##
##.........###..# #
#........## #..#
##......## #..# ##....##
#.## ###### ##.# ##(.#
##.#.# #.##.# #.##.#
##.... ###..# #.....#
#..# ...○... #.## ...○☼○.
#.# ...§○§○ ##.# ..○°☼☼.
###..## .....○J###.....##
....°.J@...###..#########
........#### ##..(.......
##.....## #.....####
###..# #...### #..# #...#
#..# #.... #..# ......
#.# #..#.... #.###... #.
...


You could see an enormous slime creature and a slime creature.

Vanquished Creatures
  2 cyclopes
  An unseen horror (D:10)
  2 gargoyles (D:10)
  Maggie (D:7)
  A kobold demonologist (D:10)
  Grinder (D:6)
  2 trolls
  A hornet (D:9)
  17 yaks
  2 steam dragons
  A vampire mosquito (D:9)
  An acid dragon (D:9)
  Edmund (D:4)
  Duvessa (D:5)
  2 ice beasts
  2 black bears
  A sky beast (D:7)
  10 orc warriors
  4 ogres
  5 centaurs
  A necrophage (D:11)
  Blork the orc (D:4)
  2 kobold brigands
  2 bullfrogs
  4 scorpions
  2 gnoll sergeants
  A water moccasin zombie (D:5)
  Dowan (D:4)
  2 killer bees (D:4)
  A wight (D:11)
  5 howler monkeys
  4 orc priests
  A centaur skeleton (D:6)
  3 hounds
  4 bullfrog skeletons
  A gnoll shaman (D:5)
  Crazy Yiuf (D:2)
  A jelly (D:5)
  5 iguanas
  5 orc wizards
  A killer bee zombie (D:6)
  A hound zombie (D:5)
  A hound skeleton (D:4)
  2 mummies (D:11)
  4 howler monkey zombies
  9 adders
  13 gnolls
  A shadow imp (D:7)
  2 ufetubi
  3 worms (D:2)
  36 orcs
  6 endoplasms
  2 giant cockroaches
  16 goblins
  4 hobgoblins
  5 jackals
  2 quokkas
  7 ball pythons
  5 bats
  A frilled lizard (D:3)
  A jackal skeleton (D:4)
  6 kobolds
  3 rats
236 creatures vanquished.

Vanquished Creatures (collateral kills)
  The ghost of Thraspic the Cudgeller, a novice TeBe of Trog (D:5)
  A troll (D:9)
  Prince Ribbit (D:7)
  Sigmund (D:2)
  3 yaks
  A water moccasin (D:9)
  A hornet zombie (D:7)
  A necrophage (D:7)
  A lemure (D:6)
  A killer bee (D:3)
  An orc wizard (D:3)
  2 gnolls
  2 orcs
  2 kobolds (D:10)
19 creatures vanquished.

Vanquished Creatures (others)
  5 plants (D:4)
  A withered plant (D:11)
6 creatures vanquished.

Grand Total: 261 creatures vanquished

Notes
Turn   | Place    | Note
-------+----------+-------------------------------------------
     0 | D:1      | petzl the Octopode Arcane Marksman began the quest for the
                  | Orb.
     0 | D:1      | Reached XP level 1. HP: 13/13 MP: 2/2
    24 | D:1      | Found Ozeoly's Distillery.
   156 | D:1      | Found Amyned's Armour Shoppe.
   182 | D:1      | Reached XP level 2. HP: 15/18 MP: 3/3
   290 | D:1      | Found Cafuv's Book Shoppe.
   308 | D:1      | Reached skill level 1 in Stealth
   765 | D:2      | Reached XP level 3. HP: 23/23 MP: 5/5
   947 | D:2      | Found a sparkling altar of Nemelex Xobeh.
  1159 | D:2      | Found Ateunafi's Magic Scroll Shoppe.
  1165 | D:2      | Bought a scroll of identify for 22 gold pieces
  1165 | D:2      | Bought a scroll of magic mapping for 38 gold pieces
  1286 | D:2      | Found a faded altar of an unknown god.
  1339 | D:2      | Found a runed translucent door.
  1340 | D:2      | Noticed Crazy Yiuf
  1538 | D:2      | Noticed Sigmund
  2072 | D:3      | Reached skill level 2 in Stealth
  2077 | D:3      | Reached XP level 4. HP: 18/29 MP: 4/6
  2241 | D:3      | Found a hide-covered altar of Uskayaw.
  2459 | D:4      | Reached XP level 5. HP: 16/34 MP: 4/8
  2891 | D:3      | Found a sparkling altar of Nemelex Xobeh.
  3009 | D:3      | Found an iron altar of Okawaru.
  3118 | D:2      | Bought a scroll of identify for 22 gold pieces
  3118 | D:2      | Bought a scroll of identify for 22 gold pieces
  3662 | D:3      | Reached skill level 3 in Stealth
  3841 | D:4      | Noticed Edmund
  3868 | D:4      | Noticed an ogre
  3994 | D:4      | Noticed an ogre
  4028 | D:4      | Killed an ogre
  4029 | D:4      | Reached XP level 6. HP: 4/41 MP: 2/9
  4413 | D:5      | Entered Level 5 of the Dungeon
  4651 | D:5      | Found a runed translucent door.
  4651 | D:5      | Noticed Thraspic's ghost (novice TeBe)
  4664 | D:5      | Reached skill level 4 in Stealth
  4677 | D:6      | Noticed an orc warrior
  4702 | D:5      | Learned a level 3 spell: Call Canine Familiar
  4843 | D:5      | Reached skill level 1 in Summonings
  4843 | D:5      | Reached XP level 7. HP: 46/46 MP: 11/11
  4948 | D:6      | Reached skill level 1 in Shields
  4988 | D:6      | Noticed Grinder
  5194 | D:5      | Found a faded altar of an unknown god.
  5194 | D:5      | Found a faded altar of an unknown god.
  5194 | D:5      | Found a hazy altar of Hepliaklqana.
  5194 | D:5      | Found a faded altar of an unknown god.
  5196 | D:5      | Found a faded altar of an unknown god.
  5247 | D:5      | Reached skill level 5 in Stealth
  5268 | D:5      | Found an ancient bone altar of Kikubaaqudgha.
  5394 | D:4      | Learned a level 1 spell: Apportation
  5445 | D:4      | Noticed Dowan
  5447 | D:4      | Found Vaahowk's Book Emporium.
  5447 | D:4      | Noticed Duvessa
  5475 | D:4      | Killed Dowan
  5476 | D:4      | Reached XP level 8. HP: 48/54 MP: 13/13
  5778 | D:6      | Noticed a yak
  5778 | D:6      | Noticed a yak
  5778 | D:6      | Noticed a yak
  5778 | D:6      | Noticed a yak
  5778 | D:6      | Noticed a yak
  5778 | D:6      | Noticed a yak
  6149 | D:6      | Reached skill level 6 in Stealth
  6191 | D:6      | Noticed Pikel
  6221 | D:6      | Noticed a boulder beetle
  6756 | D:5      | Killed Duvessa
  7079 | D:7      | Found a snail-covered altar of Cheibriados.
  7445 | D:7      | Reached XP level 9. HP: 60/60 MP: 15/15
  7476 | D:7      | Reached skill level 7 in Stealth
  7647 | D:6      | Reached skill level 5 in Fighting
  8349 | D:7      | Noticed Prince Ribbit
  8424 | D:7      | Identified the +7 quarterstaff of Bagost {protect, rElec
                  | Will- Str+4}
  8452 | D:7      | Reached skill level 5 in Spellcasting
  8624 | D:7      | Noticed Maggie
  8863 | D:9      | Reached skill level 8 in Stealth
  9634 | D:4      | Found a staircase to the Ecumenical Temple.
  9646 | Temple   | Entered the Ecumenical Temple
  9652 | Temple   | Became a worshipper of Vehumet
  9999 | D:4      | Noticed Blork the orc
 10035 | D:4      | Killed Blork the orc
 10156 | D:1      | Bought a potion of curing for 30 gold pieces
 10156 | D:1      | Bought a potion of degeneration for 10 gold pieces
 10224 | D:2      | Killed Crazy Yiuf
 10364 | D:2      | Killed Sigmund
 10365 | D:2      | Reached skill level 1 in Conjurations
 10967 | D:4      | Reached skill level 1 in Evocations
 11138 | D:4      | Reached skill level 1 in Translocations
 11184 | D:4      | Killed Edmund
 11185 | D:4      | Reached XP level 10. HP: 58/69 MP: 5/18
 11242 | D:4      | Found a stormy altar of Qazlal.
 11662 | D:5      | Found a glowing silver altar of Zin.
 11769 | D:5      | Killed Thraspic's ghost
 11770 | D:5      | Reached skill level 9 in Stealth
 11882 | D:6      | Killed Grinder
 13109 | D:9      | Found a staircase to the Lair.
 13129 | Lair:1   | Entered Level 1 of the Lair of Beasts
 13146 | D:9      | Reached * piety under Vehumet
 13146 | D:9      | Offered knowledge of Sandblast by Vehumet.
 13147 | D:9      | Reached skill level 1 in Staves
 13195 | D:9      | Reached skill level 5 in Summonings
 13612 | D:10     | Entered Level 10 of the Dungeon
 13777 | D:10     | Noticed a gargoyle
 14314 | D:7      | Killed Maggie
 14315 | D:7      | Reached XP level 11. HP: 55/75 MP: 9/21
 14409 | D:7      | Killed Prince Ribbit
 14410 | D:7      | Reached skill level 10 in Stealth
 14634 | D:8      | Reached skill level 5 in Conjurations
 15097 | D:9      | Identified the +0 tower shield "Zyotuid" {rF+ Str+4}
 15210 | D:9      | Identified the +1 ring mail of Cocytus {Contam Harm Str+8
                  | Int-2}
 15210 | D:9      | Noticed a tengu warrior
 16536 | D:4      | Bought a Trismegistus Codex for 280 gold pieces
 16540 | D:4      | Learned a level 3 spell: Mephitic Cloud
 16546 | D:4      | Learned a level 5 spell: Freezing Cloud
 16550 | D:4      | Learned a level 3 spell: Ignite Poison
 17148 | D:11     | Reached skill level 1 in Air Magic
 17180 | D:11     | Found a transporter.
 17181 | D:11     | Noticed a two-headed ogre
 17181 | D:11     | Noticed Daunt's ghost (journeyman HuAM)
 17187 | D:11     | Found a flagged portal.
 17203 | Bailey   | Entered a bailey
 17210 | Bailey   | Reached skill level 1 in Poison Magic
 17221 | Bailey   | Reached skill level 1 in Ice Magic
 17225 | Bailey   | Reached skill level 1 in Transmutations
 17481 | Bailey   | Offered knowledge of Magic Dart by Vehumet.
 17600 | D:11     | Reached ** piety under Vehumet
 18486 | D:11     | Noticed Snorg
 18869 | D:11     | Noticed a cyclops
 18914 | D:11     | Killed a cyclops
 19033 | D:11     | Noticed a two-headed ogre
 19035 | D:11     | Noticed a two-headed ogre
 19039 | D:11     | Identified the +1 giant spiked club of Disorder {speed,
                  | Int+3}
 19039 | D:11     | Noticed a two-headed ogre
 19048 | D:11     | Found a transporter.
 19122 | D:11     | Gained mutation: Your system is resistant to poisons.
                  | (rPois) [potion of mutation]
 19122 | D:11     | Gained mutation: You tend to lose your temper in combat.
                  | [potion of mutation]
 19122 | D:11     | Gained mutation: You are resistant to electric shocks.
                  | (rElec) [potion of mutation]
 19137 | D:12     | Found a staircase to the Orcish Mines.
 19194 | D:12     | Noticed a cyclops
 19199 | D:12     | Killed a cyclops
 19400 | D:12     | Slain by an enormous slime creature

Illustrated notes

Levels and vault maps discovered:
D:1:      enne_arrival_octagon_isle, layout_basic, serial_shops, shop, shop,
          nicolae_shop_competitors_out_of_business,
          chequers_serial_rivers_micro_d
D:2:      layout_basic, shapermc_ecumenical_altar_mp_ritualfount, serial_shops,
          shop, basic_altar, uniq_crazy_yiuf_cottage, uniq_sigmund
D:3:      layout_loops_ring, eat_drink_and_be_merry_uskayaw,
          mainiacjoe_overflow_alcove_4, nemelex_xobeh_ov_fountains_minmay,
          chequers_serial_rivers_micro_a
D:4:      layout_cave_pods, general_overflow_altar,
          minmay_temple_entry_overgrown, serial_shops, kennysheep_mini,
          minmay_ogre_servants, uniq_duvessa, uniq_blork_the_orc, uniq_edmund
D:5:      layout_basic, nicolae_hepliaklqana_ecumenical_no_more,
          mainiacjoe_overflow_tiny_flanked, kennysheep_mini_moat,
          hellmonk_ghost_happy_afterlife
D:6:      layout_gridville, uniq_grinder, uniq_pikel
D:7:      layout_layer_cave, overflow_temple_1_default, uniq_prince_ribbit1,
          uniq_maggie
D:8:      layout_loops_ring, kennysheep_generic_room_4
D:9:      minmay_ornate_pinched, layout_irregular_city
D:10:     layout_basic
D:11:     layout_cave_pods, serial_undead, serial_undead_b, serial_undead_b,
          serial_undead_f, serial_undead_c, gammafunk_ghost_smash,
          enter_bailey_2, minivault_19, zin_treasury, uniq_snorg
D:12:     layout_cave_pods, orc_0_dummy, serial_shops, shop,
          small_statue_alley_a, grunt_decor_arrowhead
Temple:   eino_narrow_crystal_temple
Lair:1:   beast_lair_carwin_large_3, layout_hall_layers, uniq_urug

Skill      XL: |  1  2  3  4  5  6  7  8  9 10 11 |
---------------+----------------------------------+-----
Stealth        | 1 2 3 4 5 6 8 9 10 | 10.0
Fighting       | 2 3 4 6 7 |  7.5
Spellcasting   | 2 3 4 5 7 |  7.6
Crossbows      | 3 |  3.5
Dodging        | 3 |  3.5
Summonings     | 1 3 4 5 |  5.3
Shields        | 1 3 4 |  4.0
Conjurations   | 1 4 6 |  6.5
Evocations     | 1 3 |  3.4
Translocations | 1 2 |  2.0
Staves         | 1 2 |  2.0
Air Magic      | 4 |  4.0
Poison Magic   | 3 |  3.0
Ice Magic      | 2 |  2.6
Transmutations | 2 |  2.6
Hexes          | |  3.0

Action                   |  1- 3 |  4- 6 |  7- 9 | 10-12 || total
-------------------------+-------+-------+-------+-------++-------
Melee: Short sword       |    13 |    43 |       |       ||    56
       Tentacles         |     2 |    21 |    48 |    55 ||   126
       Constrict         |     2 |    20 |    48 |    29 ||    99
       Dagger            |       |    49 |   146 |    45 ||   240
       Quarterstaff      |       |       |    43 |   154 ||   197
 Fire: Hand crossbow     |    85 |     7 |     2 |    42 ||   136
Throw: Boomerang         |       |    11 |    34 |       ||    45
       Dart              |       |       |    27 |    70 ||    97
 Cast: Call Canine Famil |       |       |    34 |    47 ||    81
       Slow              |       |       |       |     5 ||     5
       Freezing Cloud    |       |       |       |    11 ||    11
       Mephitic Cloud    |       |       |       |    10 ||    10
Evoke: Wand              |       |       |    18 |    14 ||    32
  Use: Scroll            |     2 |     4 |     5 |     4 ||    15
       Potion            |       |     2 |     1 |     2 ||     5
 Stab: Sleeping          |       |     4 |    19 |     1 ||    24
       Distracted        |       |       |       |     2 ||     2
       Confused          |       |       |       |     4 ||     4
Armor: Skin              |     1 |     6 |    14 |    43 ||    64
Dodge: Dodged            |    24 |    68 |   168 |   238 ||   498

Table legend: (Time is in decaauts)
 A = Elapsed time spent in this place.
 B = Non-inter-level travel time spent in this place.
 C = Inter-level travel time spent in this place.
 D = Time resting spent in this place.
 E = Time spent auto-exploring this place.
 F = Levels seen in this place.
 G = Mean time per level.
                   A        B        C        D        E       F      G
               +--------+--------+--------+--------+--------+-----+--------+
         Total |  19510 |  17875 |   1635 |   6797 |   4262 |  15 | 1300.7 |
       Dungeon |  19133 |  17508 |   1625 |   6584 |   4262 |  12 | 1594.4 |
        Temple |     12 |      2 |     10 |      0 |      0 |   1 |   12.0 |
          Lair |      1 |      1 |      0 |      0 |      0 |   1 |    1.0 |
        Bailey |    362 |    362 |      0 |    213 |      0 |   1 |  362.0 |
               +--------+--------+--------+--------+--------+-----+--------+

Top non-repeatable levels by time:
     D:3: 2577 daAuts
     D:5: 2285 daAuts
     D:6: 2188 daAuts
    D:10: 2145 daAuts
     D:7: 1783 daAuts
     D:8: 1725 daAuts
     D:9: 1615 daAuts
     D:4: 1546 daAuts
     D:2: 1437 daAuts
     D:1: 855 daAuts
    D:11: 707 daAuts
  Bailey: 362 daAuts
    D:12: 266 daAuts
  Temple: 12 daAuts
  Lair:1: 1 daAuts
